AoeStats
← Horizon

Arabia

507939619Analyzed
1v1 RM · 12d ago on Sep 20, 2026· 52m 20s· 2 players
Game mode
Random Map
Map size
Tiny (2 player)
Population
200
Speed
Normal
Resources
Standard
Victory
Conquest
Starting age
Dark Age
Ending age
Imperial Age
RankedLock teamsTeams togetherTeam positionsShared explorationLock speedFull tech treeHidden civsTurbo modeCheats
Victory
Defeat
🇭🇺 Cumans · Hungary
1550
+15
🇵🇰 Bohemians · Pakistan
1520
-15
Horizon
5:51 Loom
9:01 Feudal Age
11:27 Double-Bit Axe
11:44 Fletching
23:01 Castle Age
21:15 Padded Archer Armor
23:39 Bodkin Arrow
23:07 Crossbowman
26:19 Chemistry
26:26 Leather Archer Armor
33:06 Town Watch
40:59 Ballistics
42:34 Town Patrol
44:10 Wheelbarrow
47:18 Imperial Age
47:24 Imperial Age
45:52 Pikeman
46:32 Squires
46:36 Scale Mail Armor
46:47 Forging
48:23 Chain Mail Armor
49:07 Wheelbarrow
49:50 Plate Mail Armor
norvel
6:27 Loom
8:59 Feudal Age
9:37 Double-Bit Axe
14:55 Fletching
16:14 Padded Archer Armor
22:32 Castle Age
21:44 Bloodlines
23:42 Scale Barding Armor
25:18 Leather Archer Armor
25:32 Bow Saw
26:28 Elite Skirmisher
28:11 Bodkin Arrow
39:43 Horse Collar
43:06 Imperial Age
43:08 Forging
43:35 Chain Barding Armor
43:33 Cavalier
47:53 Wheelbarrow
48:23 Chemistry
48:31 Conscription
48:03 Light Cavalry
50:16 Ring Archer Armor
51:51 Ballistics
Connection lost

Rejoining the realm…

Still unreachable

The connection could not be restored.

Session expired

The server has moved on; the page needs a fresh start.